 Dungeon Crawl Stone Soup version 0.21.0-25-ge575cb9 (webtiles) character file.

788 JeffiDaFish the Chopper (level 7, 0/61 HPs)
             Began as a Minotaur Fighter on Jan 24, 2018.
             Was an Initiate of Okawaru.
             Slain by Grinder (6 damage)
             ... on level 5 of the Dungeon.
             The game lasted 00:07:44 (3455 turns).

JeffiDaFish the Chopper (Minotaur Fighter)          Turns: 3455, Time: 00:07:44

Health: 0/61       AC: 15    Str: 17 (20) XL:     7   Next: 56%
Magic:  6/6        EV:  3    Int:  4 (5)  God:    Okawaru [......]
Gold:   205        SH: 10    Dex: 11 (12) Spells: 6/6 levels left

rFire    + . .     SeeInvis .   a - +0 war axe
rCold    . . .     Gourm    .   c - +0 shield
rNeg     . . .     Faith    .   m - +0 plate armour
rPois    .         Spirit   .   (helmet restricted)
rElec    .         Reflect  .   (no cloak)
rCorr    .         Harm     .   (no gloves)
MR       .....                  p - +2 pair of boots
Stlth    ..........             (no amulet)
HPRegen  0.20/turn              e - ring of protection from fire
MPRegen  0.10/turn              (no ring)

@: no status effects
A: retaliatory headbutt, horns 2, mutation resistance 1
a: Renounce Religion


You were on level 5 of the Dungeon.
You worshipped Okawaru.
Okawaru was noncommittal.
You were hungry.

You visited 1 branch of the dungeon, and saw 5 of its levels.
You also visited: Sewer.

You collected 205 gold pieces.

Inventory:

Hand Weapons
 a - a +0 war axe (weapon)
Armour
 c - a +0 shield (worn)
 m - a +0 plate armour (worn)
 p - a +2 pair of boots (worn)
Jewellery
 e - a ring of protection from fire (left hand)
Wands
 n - a wand of scattershot (1)
Scrolls
 b - a scroll of fog
 g - 4 scrolls of fear
 h - 5 scrolls of teleportation
 l - 6 scrolls of identify
Potions
 d - 4 potions of might
 i - 5 potions of curing
 j - 3 potions of flight
 o - 3 potions of heal wounds
Comestibles
 f - 12 rations


   Skills:
 + Level 5.5 Fighting
 + Level 7.3 Axes
 + Level 5.2 Armour
 + Level 0.6 Dodging
 + Level 0.2 Stealth
 + Level 5.8 Shields


You had 6 spell levels left.
You didn't know any spells.

Dungeon Overview and Level Annotations

Branches:
Dungeon (5/15)
 Temple: D:4-7

Altars:
Elyvilon
Nemelex Xobeh
Okawaru

Shops:
D:5 [

Annotations:
D:5 Grinder


Innate Abilities, Weirdness & Mutations

You reflexively headbutt those who attack you in melee.
You have a pair of horns on your head.
You are somewhat resistant to further mutation.


Message History

Grinder is almost dead.
Grinder gestures at you.
You struggle to resist.
Your plate armour prevents you from hitting Grinder.
Grinder is almost dead.
You block Grinder's attack. Grinder completely misses you.
You closely miss Grinder.
Grinder is almost dead.
You block Grinder's attack.
You barely miss Grinder. You headbutt Grinder.
Grinder is almost dead.
Grinder gestures at you. Pain shoots through your body!
* * * LOW HITPOINT WARNING * * *
You hit Grinder. Your headbutt misses Grinder.
Grinder is almost dead.
Grinder hits you!
* * * LOW HITPOINT WARNING * * *
You writhe in agony.
You die...

#............#⌠.⌠## #..
.####......∩..# #..
≈#≈≈≈##...⌠.⌠.. ##..
≈≈≈≈≈ #..###.##
#..##≈≈#≈#≈##.##...#
######..#≈≈≈≈≈≈≈≈≈.......
........≈≈#≈≈≈≈≈≈#..#.).#
#.≈#≈≈≈≈#≈##..##.##
#.@#≈≈#≈≈≈≈...##.#.
#.5≈##≈≈###....#.#.
#....#≈##.)........
#...?........(.#.#.
##########.##.##.#.
#.##.##... #.##.####.
#.##.# #. #.##.# #.


You could see Grinder.

Vanquished Creatures
  The ghost of thelaststarmaker the Ducker, a novice DsBe of Trog (D:4)
  An ogre (D:4)
  2 hounds (D:4)
  An orc wizard (D:4)
  2 iguanas (D:4)
  2 worker ants (D:4)
  A hound skeleton (D:5)
  A worker ant zombie (D:5)
  12 adders
  An ooze (D:3)
  A worm (D:3)
  2 leopard geckos
  6 orcs
  5 giant cockroaches (D:4)
  8 goblins
  8 hobgoblins
  20 jackals
  A ball python (Sewer)
  4 bats
  6 frilled lizards
  A jackal skeleton (D:4)
  11 kobolds
  A quokka skeleton (D:3)
  8 rats
  8 plants (Sewer)
114 creatures vanquished.

Vanquished Creatures (others)
  A plant (Sewer)
1 creature vanquished.

Grand Total: 115 creatures vanquished

Notes
Turn   | Place    | Note
-------+----------+-------------------------------------------
     0 | D:1      | JeffiDaFish the Minotaur Fighter began the quest for the Orb.
     0 | D:1      | Reached XP level 1. HP: 19/19 MP: 0/0
    43 | D:1      | Reached XP level 2. HP: 21/27 MP: 1/1
   289 | D:1      | Gained mutation: You are somewhat resistant to further mutation. [potion of mutation]
   732 | D:2      | Reached skill level 3 in Axes
   732 | D:2      | Reached XP level 3. HP: 25/33 MP: 2/2
  1026 | D:2      | Found a sparkling altar of Nemelex Xobeh.
  1134 | D:2      | Found a white marble altar of Elyvilon.
  1374 | D:3      | Reached XP level 4. HP: 40/40 MP: 3/3
  1814 | D:4      | Reached skill level 4 in Axes
  1857 | D:4      | Reached skill level 5 in Shields
  1857 | D:4      | Reached XP level 5. HP: 47/47 MP: 4/4
  1873 | D:4      | Noticed thelaststarmaker's ghost (novice DsBe)
  1883 | D:4      | Killed thelaststarmaker's ghost
  1883 | D:4      | Reached skill level 5 in Fighting
  1883 | D:4      | Reached skill level 5 in Axes
  1883 | D:4      | Reached XP level 6. HP: 47/56 MP: 5/5
  1918 | D:4      | Reached skill level 6 in Axes
  1934 | D:4      | Reached XP level 7. HP: 48/61 MP: 6/6
  2040 | D:4      | Reached skill level 5 in Armour
  2131 | D:4      | Found a glowing drain.
  2146 | Sewer    | Entered a sewer
  2982 | D:4      | Reached skill level 7 in Axes
  3152 | D:4      | Found an iron altar of Okawaru.
  3156 | D:4      | Became a worshipper of Warmaster Okawaru
  3358 | D:5      | Entered Level 5 of the Dungeon
  3368 | D:5      | Found Lotuan's Antique Armour Boutique.
  3432 | D:5      | Noticed Grinder
  3455 | D:5      | Slain by Grinder

Skill      XL: |  1  2  3  4  5  6  7 |
---------------+----------------------+-----
Shields        | 4 5 |  5.8
Fighting       | 4 5 |  5.5
Armour         | 4 5 |  5.2
Axes           | 3 4 5 6 7 |  7.3
Dodging        | |  0.6
Stealth        | |  0.2

Action                   |  1- 3 |  4- 6 |  7- 9 || total
-------------------------+-------+-------+-------++-------
Melee: War axe           |   106 |    69 |   246 ||   421
       Headbutt          |    16 |    13 |    56 ||    85
  Use: Potion            |     5 |     2 |     3 ||    10
       Scroll            |     4 |     2 |     2 ||     8
  Eat: Chunk             |     1 |     3 |     5 ||     9
Armor: Scale mail        |    46 |       |       ||    46
       Plate armour      |    12 |    63 |    74 ||   149
Dodge: Dodged            |    28 |    22 |    19 ||    69
Block: Shield            |    67 |    47 |    65 ||   179
